 Dungeon Crawl Stone Soup version 0.24-a0-639-gb70a11d (webtiles) character file.

Game seed: 8731803802003779593, levelgen mode: deterministic

68308 Spazmo the Eclecticist (level 14, -15/80 HPs)
             Began as a Deep Elf Fire Elementalist on Sept 20, 2019.
             Was a High Priest of Vehumet.
             Demolished by Agnes
             ... wielding a +1 lajatang of protection
              (23 damage)
             ... on level 14 of the Dungeon on Sept 21, 2019.
             The game lasted 01:25:52 (22536 turns).

Spazmo the Eclecticist (DEFE)                      Turns: 22536, Time: 01:25:53

Health: -15/80     AC: 16    Str:  5    XL:     14   Next: 86%
Magic:  6/35       EV: 20    Int: 26    God:    Vehumet [*****.]
Gold:   1468       SH:  0    Dex: 19    Spells: 18/43 levels left

rFire    . . .     SeeInvis +   k - +7 long sword (holy)
rCold    + . .     Gourm    .   (no shield)
rNeg     . . .     Faith    .   B - +3 robe "Qosm" {rF- Regen+ Dex+4 SInv}
rPois    +         Spirit   .   (no helmet)
rElec    .         Reflect  .   r - scarf {rC+ rF+}
rCorr    .         Harm     .   U - +3 pair of gauntlets of War {Slay+5}
MR       +....                  p - +2 pair of boots
Stlth    ++........             (no amulet)
HPRegen  0.63/turn              b - +4 ring of protection
MPRegen  0.24/turn              v - ring of poison resistance

@: no status effects
A: no striking features
a: Renounce Religion


You were on level 14 of the Dungeon.
You worshipped Vehumet.
Vehumet was extremely pleased with you.
You were not hungry.

You visited 3 branches of the dungeon, and saw 21 of its levels.

You collected 1468 gold pieces.

Inventory:

Hand Weapons
 k - a +7 long sword of holy wrath (weapon)
Missiles
 f - 417 stones (quivered)
Armour
 p - a +2 pair of boots (worn)
 r - a scarf of resistance (worn)
 B - the +3 robe "Qosm" (worn) {rF- Regen+ Dex+4 SInv}
   (You found it on level 8 of the Dungeon)

   It affects your dexterity (+4).
   It makes you vulnerable to fire.
   It lets you see invisible.
   It increases your rate of regeneration.
 U - the +3 pair of gauntlets of War (worn) {Slay+5}
   (You found it on level 11 of the Dungeon)

   It affects your accuracy and damage with ranged weapons and melee attacks
   (+5).
 V - a +0 robe of magic resistance
Magical Staves
 z - an uncursed staff of death
 G - an uncursed staff of poison
 S - an uncursed staff of wizardry
Jewellery
 b - a +4 ring of protection (left hand)
 l - an uncursed ring of positive energy
 v - a ring of poison resistance (right hand)
 y - an uncursed ring of stealth
 E - the ring "Zainuu Faech" {EV+1 Int+4}
   (You found it on level 12 of the Dungeon)

   [ring of evasion]

   It affects your evasion (+1).
   It affects your intelligence (+4).
 I - an uncursed ring of ice
 O - the ring "Hitocig" {EV+2 Dex+3}
   (You found it on level 6 of the Lair of Beasts)

   [ring of evasion]

   It affects your evasion (+2).
   It affects your dexterity (+3).
 Q - an uncursed ring of see invisible
Wands
 g - a wand of acid (9)
 i - a wand of clouds (16)
 m - a wand of iceblast (10)
 C - a wand of disintegration (9)
 H - a wand of digging (8)
 P - a wand of polymorph (8)
Scrolls
 d - 3 scrolls of identify
 h - 2 scrolls of magic mapping
 n - 20 scrolls of remove curse
 q - 9 scrolls of teleportation
 t - 2 scrolls of blinking
 u - 5 scrolls of enchant armour
 w - 3 scrolls of amnesia
 x - 2 scrolls of fog
 D - a scroll of summoning
 J - 2 scrolls of holy word
 N - 3 scrolls of fear
 R - 2 scrolls of enchant weapon
Potions
 e - 9 potions of curing
 j - 3 potions of flight
 o - 3 potions of mutation
 s - 2 potions of brilliance
 A - a potion of heal wounds
 F - a potion of cancellation
 K - 3 potions of agility
 L - a potion of invisibility
Comestibles
 a - 3 chunks of flesh
 c - 37 rations


   Skills:
 - Level 6.5 Fighting
 - Level 10.0 Dodging
 - Level 2.4 Stealth
 - Level 15.0 Spellcasting
 + Level 14.8 Conjurations
 + Level 14.7 Fire Magic
 - Level 10.0 Earth Magic


You had 18 spell levels left.
You knew the following spells:

 Your Spells              Type           Power        Failure   Level  Hunger
a - Flame Tongue          Conj/Fire      #####        0%          1    None
b - Throw Flame           Conj/Fire      ######       0%          2    None
c - Conjure Flame         Conj/Fire      #######.     0%          3    None
d - Sticky Flame          Conj/Fire      #######.     1%          4    None
e - Fireball              Conj/Fire      #######...   1%          5    #......
f - Stone Arrow           Conj/Erth      ######       1%          3    None
g - Blink                 Tloc           N/A          4%          2    None
h - Bolt of Magma         Conj/Fire/Erth ######....   1%          5    #......

Your spell library contained the following spells:

 Spells                   Type           Power        Failure   Level  Hunger
 Lee's Rapid Deconstruct  Erth           ######....   1%          5    #......
 Magic Dart               Conj           ####         0%          1    None
 Shock                    Conj/Air       ####         1%          1    None
 Sting                    Conj/Pois      ####         1%          1    None
 Dazzling Spray           Conj/Hex       ######       1%          3    None
 Inner Flame              Hex/Fire       ######..     1%          3    None
 Mephitic Cloud           Conj/Pois/Air  #####...     1%          3    None
 Static Discharge         Conj/Air       ######..     1%          3    None
 Lightning Bolt           Conj/Air       ######....   1%          5    #......
 Venom Bolt               Conj/Pois      ######....   1%          5    #......
 Apportation              Tloc           ###...       2%          1    None
 Beastly Appendage        Tmut           ###...       2%          1    None
 Confusing Touch          Hex            ###...       2%          1    None
 Corona                   Hex            ###....      2%          1    None
 Summon Butterflies       Summ           ###.....     2%          1    None
 Leda's Liquefaction      Hex/Erth       #####.....   3%          4    None
 Petrify                  Tmut/Erth      #####...     3%          4    None
 Call Imp                 Summ           ###.....     4%          2    None
 Ensorcelled Hibernation  Hex/Ice        ###...       4%          2    None
 Poisonous Vapours        Pois/Air       ###...       4%          2    None
 Slow                     Hex            ###.....     4%          2    None
 Sticks to Snakes         Tmut           ###.....     4%          2    None
 Swiftness                Chrm/Air       ###.....     4%          2    None
 Airstrike                Air            ###.......   7%          4    None
 Olgreb's Toxic Radiance  Pois           ###.....     7%          4    None
 Confuse                  Hex            ###.....     9%          3    None
 Gell's Gravitas          Tloc           ###.......   9%          3    None
 Lesser Beckoning         Tloc           ###.......   9%          3    None
 Portal Projectile        Hex/Tloc       ###...       9%          3    None
 Spider Form              Tmut/Pois      ###.......   9%          3    None
 Tukima's Dance           Hex            ###.....     9%          3    None
 Yara's Violent Unravell  Hex/Tmut       ###.......   19%         5    #......
 Cause Fear               Hex            ###.......   26%         4    None
 Ice Form                 Ice/Tmut       ###.....     26%         4    None
 Alistair's Intoxication  Tmut/Pois      ###.....     58%         5    #......
 Blade Hands              Tmut           ###.......   58%         5    #......
 Metabolic Englaciation   Hex/Ice        ###.......   58%         5    #......
 Invisibility             Hex            ###.....     99%         6    ####...


Dungeon Overview and Level Annotations

Branches:
Dungeon (14/15)            Temple (1/1) D:6            Lair (6/6) D:10
  Swamp (0/4) Lair:2       Spider (0/4) Lair:4        Slime (0/5) Lair:5
    Orc (0/2) D:12
 Vaults: D:13-14

Altars:
Ashenzari
Cheibriados
Dithmenos
Elyvilon
Fedhas
Gozag
Hepliaklqana
Kikubaaqudgha
Makhleb
Nemelex Xobeh
Okawaru
Qazlal
Ru
Sif Muna
Trog
Uskayaw
Vehumet
Wu Jian
Xom
Yredelemnul
Zin
The Shining One
Beogh
Jiyva

Shops:
D:9 [   D:13 ?

Annotations:
D:6 2 transporters, Mango's ghost, novice SpGl
D:14 Agnes
Lair:3 3 runed translucent doors, Guhom's ghost, journeyman OpAs


Message History

Agnes barely misses you.
Casting: Bolt of Magma (safe; 1% risk of failure)
Confirm with . or Enter, or press ? or * to list all spells.
Aiming: Bolt of Magma (safe; 1% risk of failure)
Press: ? - help, Shift-Dir - straight line, f/p - Agnes
Aim: Agnes, wielding a +1 lajatang of protection and wearing a +0 robe (heavily wounded, covered in liquid flames)
The bolt of magma hits Agnes!!!
Agnes is almost dead.
Agnes burns!
Agnes hits you with a +1 lajatang of protection!!
Casting: Bolt of Magma (safe; 1% risk of failure)
Confirm with . or Enter, or press ? or * to list all spells.
Aiming: Bolt of Magma (safe; 1% risk of failure)
Press: ? - help, Shift-Dir - straight line, f/p - Agnes
Aim: Agnes, wielding a +1 lajatang of protection and wearing a +0 robe (almost dead, covered in liquid flames)
The bolt of magma misses Agnes.
Agnes burns!
Agnes hits you with a +1 lajatang of protection!!!
* * * LOW HITPOINT WARNING * * *
Agnes hits you with a +1 lajatang of protection!!
You die...

######## #......# #:.....#
#......# .. #......#.#
#......'.# # #.@....#
.######
###########i########.......
.......(รท.......$..........
#......?.##.######.........
'.)......+...........######
.........##.###..#.#.#..#
##$.#######.# #....#.#..#
#.. #.# #.#..#.#..# +. #^#
#.#..#.#..#


You could see Agnes (burning).

Vanquished Creatures
  Rupert (Lair:3)
  Frances (D:14)
  2 dire elephants (Lair:6)
  Snorg (D:12)
  4 hydras
  2 catoblepae (Lair:6)
  3 centaur warriors (D:14)
  The ghost of Ahecy the Summoner, a journeyman MfSu of Hepliaklqana (D:10)
  3 two-headed ogres
  Nergalle (Lair:1)
  2 unseen horrors
  2 lindwurms (Lair:6)
  5 ugly things
  A wolf spider (Lair:6)
  3 manticores
  A cyclops (D:14)
  A guardian serpent (Lair:6)
  11 black mambas
  A centaur zombie (D:14)
  9 spiny frogs
  A gargoyle (D:13)
  7 komodo dragons
  2 kobold demonologists
  2 rime drakes (Lair:6)
  A polar bear (Lair:6)
  3 jumping spiders (Lair:4)
  2 trolls
  3 hornets (Lair:6)
  A harpy skeleton (D:14)
  Prince Ribbit (D:8)
  9 hippogriffs
  6 dream sheep (Lair:6)
  36 blink frogs
  16 wyverns
  A spriggan (D:7)
  2 shadows (D:14)
  A vampire (D:14)
  38 yaks
  8 redbacks
  A wraith (D:14)
  4 fire bats (D:11)
  3 basilisks
  4 hungry ghosts
  Edmund (D:6)
  A soldier ant (D:13)
  A hell hound (D:11)
  An acid dragon (D:14)
  15 water moccasins
  10 orc warriors
  9 porcupines
  An eye of draining (D:14)
  6 ice beasts
  5 sky beasts
  2 necrophages
  4 ogres
  2 phantoms
  10 wolves
  2 black bears
  7 centaurs
  13 crocodiles
  A big kobold (D:14)
  10 bullfrogs
  4 scorpions
  9 wights
  11 killer bees
  3 howler monkeys
  3 crimson imps
  2 lava snakes (D:11)
  A bullfrog zombie (D:8)
  2 quasits
  12 hounds
  6 centaur skeletons
  13 orc priests
  26 orc wizards
  4 bullfrog skeletons
  5 iguanas
  10 worker ants
  A hound skeleton (D:7)
  A worker ant zombie (D:5)
  Robin (D:3)
  7 gnolls (D:3)
  12 adders
  6 shadow imps
  3 oozes
  3 worms
  3 dart slugs (D:1)
  4 leopard geckos
  68 orcs
  2 giant cockroaches (D:5)
  15 goblins
  11 hobgoblins
  18 jackals
  7 quokkas
  8 bats
  11 frilled lizards
  5 kobolds
  A leopard gecko skeleton (D:5)
  3 rats
  3 fire vortices (D:11)
612 creatures vanquished.

Vanquished Creatures (others)
  An orc wizard (D:7)
  A bush (Lair:6)
  15 fungi
  38 plants
55 creatures vanquished.

Grand Total: 667 creatures vanquished

Notes
Turn   | Place    | Note
-------+----------+-------------------------------------------
     0 | D:1      | Spazmo the Deep Elf Fire Elementalist began the quest for
                  | the Orb.
     0 | D:1      | Reached XP level 1. HP: 10/10 MP: 6/6
   316 | D:1      | Reached XP level 2. HP: 15/15 MP: 6/8
   569 | D:1      | Reached XP level 3. HP: 19/19 MP: 7/10
   574 | D:1      | Learned a level 2 spell: Throw Flame
   578 | D:1      | Learned a level 3 spell: Conjure Flame
   963 | D:2      | Reached skill level 4 in Spellcasting
  1109 | D:2      | Found a sacrificial altar of Ru.
  1221 | D:2      | Found a faded altar of an unknown god.
  1531 | D:3      | Reached XP level 4. HP: 7/24 MP: 6/12
  2345 | D:3      | Reached XP level 5. HP: 28/28 MP: 8/14
  2407 | D:3      | Reached skill level 5 in Spellcasting
  2691 | D:3      | Found a burning altar of Makhleb.
  2691 | D:3      | Found an opulent altar of Gozag.
  2692 | D:3      | Found a shimmering altar of Xom.
  2870 | D:4      | Reached skill level 5 in Fire Magic
  2980 | D:4      | Reached XP level 6. HP: 30/32 MP: 8/16
  2986 | D:4      | Learned a level 4 spell: Sticky Flame
  2992 | D:4      | Learned a level 5 spell: Fireball
  3137 | D:4      | Noticed Robin
  3239 | D:3      | Killed Robin
  3400 | D:4      | Reached skill level 6 in Spellcasting
  3541 | D:4      | Found a shimmering blue altar of Sif Muna.
  3572 | D:4      | Reached XP level 7. HP: 35/36 MP: 14/18
  3720 | D:4      | Reached skill level 5 in Conjurations
  3997 | D:5      | Entered Level 5 of the Dungeon
  4049 | D:5      | Found a shadowy altar of Dithmenos.
  4271 | D:5      | Reached skill level 7 in Spellcasting
  4579 | D:5      | Reached skill level 11 in Spellcasting
  4579 | D:5      | Reached skill level 10 in Fire Magic
  4579 | D:5      | Reached XP level 8. HP: 41/41 MP: 20/25
  4668 | D:6      | Noticed Edmund
  4684 | D:6      | Killed Edmund
  4751 | D:6      | Found a hazy altar of Hepliaklqana.
  5053 | D:6      | Found a transporter.
  5053 | D:6      | Found a transporter.
  5060 | D:6      | Identified the +2 shield "Loc Jam" {MP+9 Dex+2 Slay+3
                  | Stlth+}
  5105 | D:6      | Noticed Mango's ghost (novice SpGl)
  5140 | D:6      | Reached XP level 9. HP: 44/45 MP: 20/26
  5173 | D:6      | Found a staircase to the Ecumenical Temple.
  5185 | Temple   | Entered the Ecumenical Temple
  5241 | Temple   | Became a worshipper of Vehumet
  5325 | D:6      | Noticed an unseen horror
  5330 | D:6      | Killed an unseen horror
  5330 | D:6      | Reached skill level 12 in Spellcasting
  5330 | D:6      | Reached skill level 10 in Conjurations
  5612 | D:7      | Reached skill level 1 in Fighting
  5810 | D:7      | Reached * piety under Vehumet
  5810 | D:7      | Offered knowledge of Magic Dart by Vehumet.
  6246 | D:7      | Found a glowing golden altar of the Shining One.
  6363 | D:7      | Reached skill level 5 in Dodging
  6558 | D:8      | Reached XP level 10. HP: 48/56 MP: 28/28
  7051 | D:8      | Reached ** piety under Vehumet
  7139 | D:8      | Offered knowledge of Throw Frost by Vehumet.
  7500 | D:8      | Noticed Prince Ribbit
  7507 | D:8      | Killed Prince Ribbit
  7621 | D:8      | Got an ominously black robe
  7731 | D:8      | Identified the +3 robe "Qosm" {rF- Regen+ Dex+4 SInv} (You
                  | found it on level 8 of the Dungeon)
  7866 | D:9      | Reached skill level 5 in Fighting
  8052 | D:9      | Found Maphuem's Antique Armour Shoppe.
  8250 | D:9      | Offered knowledge of Stone Arrow by Vehumet.
  8257 | D:9      | Learned a level 3 spell: Stone Arrow
  8268 | D:9      | Reached XP level 11. HP: 32/64 MP: 8/29
  8422 | D:9      | Reached *** piety under Vehumet
  8725 | D:9      | Found a white marble altar of Elyvilon.
  8833 | D:10     | Entered Level 10 of the Dungeon
  8934 | D:10     | Reached skill level 1 in Earth Magic
  8976 | D:10     | Offered knowledge of Mephitic Cloud by Vehumet.
  9284 | D:10     | Reached **** piety under Vehumet
  9410 | D:10     | Offered knowledge of Force Lance by Vehumet.
  9433 | D:10     | Found a runed translucent door.
  9433 | D:10     | Noticed Ahecy's ghost (journeyman MfSu)
  9444 | D:10     | Killed Ahecy's ghost
  9526 | D:10     | Found a staircase to the Lair.
  9673 | Lair:1   | Entered Level 1 of the Lair of Beasts
  9836 | Lair:1   | Reached skill level 10 in Dodging
 10056 | Lair:1   | Noticed Nergalle
 10159 | Lair:1   | Killed Nergalle
 10159 | Lair:1   | Reached skill level 5 in Earth Magic
 10694 | Lair:2   | Reached XP level 12. HP: 61/71 MP: 0/30
 10961 | Lair:2   | Reached ***** piety under Vehumet
 10961 | Lair:2   | Offered knowledge of Ozocubu's Refrigeration by Vehumet.
 11099 | Lair:2   | Found a staircase to the Swamp.
 11270 | Lair:2   | Learned a level 2 spell: Blink
 11803 | Lair:3   | Reached skill level 10 in Earth Magic
 11842 | Lair:3   | Noticed Rupert
 11886 | Lair:3   | You fall into a shaft and drop 1 floor!
 11886 | Lair:4   | Found a gate leading to a gauntlet.
 11986 | Lair:4   | Found a hole to the Spider Nest.
 12018 | Lair:3   | Killed Rupert
 12222 | Lair:3   | Noticed a four-headed hydra
 12229 | Lair:3   | Killed a four-headed hydra
 12671 | Lair:3   | Noticed a seven-headed hydra
 12686 | Lair:3   | Killed a seven-headed hydra
 12686 | Lair:3   | Reached skill level 13 in Spellcasting
 12816 | Lair:3   | Found a runed translucent gate.
 12816 | Lair:3   | Found a runed translucent gate.
 12816 | Lair:3   | Found a runed translucent gate.
 12820 | Lair:3   | Noticed Guhom's ghost (journeyman OpAs)
 13349 | Lair:4   | Reached XP level 13. HP: 72/75 MP: 15/32
 13591 | Lair:4   | Got a pair of dazzling gloves
 13595 | Lair:4   | Identified the -6 pair of gloves of the Locust {rC- Str+4}
                  | (You found it on level 4 of the Lair of Beasts)
 14280 | Lair:5   | Found a viscous altar of Jiyva.
 14280 | Lair:5   | Found a staircase to the Slime Pits.
 15064 | Lair:6   | Entered Level 6 of the Lair of Beasts
 15556 | Lair:6   | Reached skill level 14 in Spellcasting
 16061 | Lair:6   | Noticed a dire elephant
 16077 | Lair:6   | Offered knowledge of Spellforged Servitor by Vehumet.
 16094 | Lair:6   | Killed a dire elephant
 17102 | Lair:6   | Reached skill level 15 in Spellcasting
 17164 | Lair:6   | Got a glittering amber ring
 17165 | Lair:6   | Identified the ring "Hitocig" {EV+2 Dex+3} (You found it on
                  | level 6 of the Lair of Beasts)
 17351 | Lair:6   | Reached XP level 14. HP: 80/80 MP: 22/35
 17998 | Lair:6   | Got a colourful robe
 17999 | Lair:6   | Identified the cursed +0 robe of Too Many Cooks {Int+5}
                  | (You found it on level 6 of the Lair of Beasts)
 18786 | D:11     | Found the +3 pair of gauntlets of War {Slay+5}
 19974 | D:12     | Noticed Snorg
 19999 | D:12     | Killed Snorg
 20192 | D:12     | Found a roughly hewn altar of Beogh.
 20198 | D:12     | Offered knowledge of Bolt of Magma by Vehumet.
 20220 | D:12     | Learned a level 5 spell: Bolt of Magma
 20312 | D:12     | Found a staircase to the Orcish Mines.
 20382 | D:12     | Got an ancient lead ring
 20383 | D:12     | Identified the ring "Zainuu Faech" {EV+1 Int+4} (You found
                  | it on level 12 of the Dungeon)
 20562 | D:12     | Upgraded the game from 0.24-a0-631-g346d576 to
                  | 0.24-a0-639-gb70a11d
 20568 | D:13     | Found Qezaon's Magic Scroll Emporium.
 21753 | D:14     | Found a shadowy altar of Dithmenos.
 22272 | D:14     | Noticed Frances
 22277 | D:14     | Killed Frances
 22488 | D:14     | Offered knowledge of Lee's Rapid Deconstruction by Vehumet.
 22532 | D:14     | Noticed Agnes
 22536 | D:14     | Demolished by Agnes

Levels and vault maps discovered:
D:1:      minmay_arrival_checkered_box, layout_basic
D:2:      layout_basic, hangedman_ru_absence, first_ration,
          chequers_ecumenical_altar_grove
D:3:      layout_loops_cross, nicolae_overflow_hidden_temple
D:4:      layout_gridville, lemuel_crystal_altar, uniq_robin
D:5:      layout_basic, old_standard_altar, minmay_a_box_with_orc_wizards_in_it
D:6:      layout_basic, nicolae_overflow_crystal_walls,
          minmay_temple_entry_junction_2, gammafunk_ghost_gnarly_gnolls,
          small_statue_intersection, uniq_edmund
D:7:      layout_cave_pools, tso_altar, the_bakery
D:8:      layout_gridville, solitary_fountain, hangedman_decor_opposing,
          uniq_prince_ribbit1
D:9:      layout_loops_ring, elyvilon_altar_3, serial_shops, shop, serial_glass,
          glass_columns_b, glass_columns_b
D:10:     layout_roguey, david_lair_shrubbed, ebering_ghost_reflecting_pool
D:11:     layout_basic, hangedman_incinerator
D:12:     layout_loops_ring, david_orc_5, uniq_snorg
D:13:     layout_basic, serial_shops, shop, minmay_holes
D:14:     layout_basic, grunt_vaults_entry_tiered, grunt_dithmenos_shadows,
          uniq_agnes, uniq_frances
Temple:   dshaligram_water_room_temple
Lair:1:   layout_regular_city, uniq_nergalle
Lair:2:   layout_hall_layers, minmay_swamp_entry_reptiles, beast_lair_carwin_9
Lair:3:   layout_misc_corridors, gammafunk_ghost_necromancy, st_stairs_12,
          uniq_rupert
Lair:4:   layout_cave_shapes, nicolae_spider_entry_tight_spaces,
          gauntlet_entry_generic
Lair:5:   layout_loops_ring, slime_altar_1, wad_woods_road_01
Lair:6:   hangedman_lair_in_review, layout_regular_city,
          hangedman_lair_tendril_chambers

Skill      XL: |  1  2  3  4  5  6  7  8  9 10 11 12 13 14 |
---------------+-------------------------------------------+-----
Conjurations   | 2 3 4 9 10 11 12 14 | 14.8
Spellcasting   | 4 5 6 11 12 13 15 | 15.0
Fire Magic     | 4 5 10 11 12 14 | 14.7
Dodging        | 5 8 10 | 10.0
Fighting       | 3 5 6 |  6.5
Earth Magic    | 7 10 | 10.0
Stealth        | |  2.4

Action                   |  1- 3 |  4- 6 |  7- 9 | 10-12 | 13-15 || total
-------------------------+-------+-------+-------+-------+-------++-------
Melee: Long sword        |       |       |    31 |    30 |    19 ||    80
       Staff             |       |       |     1 |       |     2 ||     3
 Cast: Flame Tongue      |    64 |   116 |   130 |   307 |   291 ||   908
       Throw Flame       |     1 |    12 |    24 |    48 |    80 ||   165
       Conjure Flame     |       |     2 |       |     8 |     9 ||    19
       Sticky Flame      |       |     1 |    14 |    99 |   103 ||   217
       Fireball          |       |       |     7 |    33 |    32 ||    72
       Stone Arrow       |       |       |       |    25 |   127 ||   152
       Blink             |       |       |       |     2 |     5 ||     7
       Bolt of Magma     |       |       |       |       |    58 ||    58
Evoke: Wand              |       |       |       |     2 |       ||     2
  Use: Scroll            |     6 |     1 |     6 |    14 |    19 ||    46
       Potion            |     1 |     2 |     1 |     1 |       ||     5
 Stab: Sleeping          |       |       |     1 |       |       ||     1
  Eat: Chunk             |     2 |     6 |    11 |    17 |    19 ||    55
       Ration            |       |       |       |     2 |     3 ||     5
Armor: Robe              |    10 |    12 |    26 |    35 |    30 ||   113
Dodge: Dodged            |    31 |    33 |    55 |   186 |   216 ||   521
       Rpst.: Long sword |       |       |     8 |    25 |    30 ||    63

Table legend:
 A = Non-vault XP
 B = Vault XP
 C = Vault XP percentage of total XP
 D = Non-vault monster count
 E = Vault monster count
 F = Vault count percentage of total count
                 A         B        C        D         E       F
            +---------+---------+-------+---------+---------+-------
      Total |   62930 |   33492 |  34.7 |     489 |     121 |  19.8
            +---------+---------+-------+---------+---------+-------
        D:1 |      51 |       0 |   0.0 |      26 |       0 |   0.0
        D:2 |      25 |       0 |   0.0 |       7 |       0 |   0.0
        D:3 |     253 |      23 |   8.3 |      38 |       5 |  11.6
        D:4 |     600 |      12 |   2.0 |      18 |       6 |  25.0
        D:5 |     248 |       0 |   0.0 |      20 |       0 |   0.0
        D:6 |    1320 |     164 |  11.1 |      17 |       1 |   5.6
        D:7 |    1424 |     220 |  13.4 |      32 |       1 |   3.0
        D:8 |    3510 |     274 |   7.2 |      40 |       1 |   2.4
        D:9 |    3304 |       0 |   0.0 |      33 |       0 |   0.0
       D:10 |    1933 |    1256 |  39.4 |      32 |       2 |   5.9
       D:11 |    4555 |    1044 |  18.6 |      31 |       7 |  18.4
       D:12 |    3020 |    1684 |  35.8 |      20 |      23 |  53.5
       D:13 |    3175 |       0 |   0.0 |      22 |       0 |   0.0
       D:14 |   10187 |    2573 |  20.2 |      37 |       2 |   5.1
     Lair:1 |    3464 |     816 |  19.1 |      17 |       1 |   5.6
     Lair:2 |    3595 |    1388 |  27.9 |      16 |       8 |  33.3
     Lair:3 |    8270 |    3459 |  29.5 |      28 |       3 |   9.7
     Lair:4 |    2434 |    1742 |  41.7 |      13 |       7 |  35.0
     Lair:5 |    1991 |       0 |   0.0 |      10 |       0 |   0.0
     Lair:6 |    9571 |   18837 |  66.3 |      32 |      54 |  62.8
            +---------+---------+-------+---------+---------+-------
